 Dungeon Crawl Stone Soup version 0.20.0 (webtiles) character file.

83 FakerFangirl the Cudgeler (level 4, 0/38 HPs)
             Began as a Draconian Fighter on May 26, 2017.
             Slain by Placid's ghost (3 damage)
             ... on level 3 of the Dungeon.
             The game lasted 00:02:23 (2412 turns).

FakerFangirl the Cudgeler (Draconian Fighter)       Turns: 2412, Time: 00:02:23

Health: 0/38       AC:  6    Str: 18    XL:     4   Next: 22%
Magic:  4/4        EV: 10    Int:  8    God:
Gold:   173        SH:  9    Dex: 12    Spells: 3/3 levels left

rFire    . . .     SeeInvis .   Y - +0 flail
rCold    . . .     Gourm    .   b - +0 shield
rNeg     . . .     Faith    .   (armour unavailable)
rPois    .         Spirit   .   (helmet restricted)
rElec    .         Reflect  .   (no cloak)
rCorr    .         Harm     .   (no gloves)
MR       .....                  e - +0 pair of boots
Stlth    +.........             (no amulet)
Regen    0.2/turn               (no ring)
MPRegen  0.1/turn               (no ring)

@: about to teleport
A: unfitting armour, cold-blooded, AC +5
a: no special abilities


You were on level 3 of the Dungeon.
You were not hungry.

You visited 1 branch of the dungeon, and saw 3 of its levels.

You collected 173 gold pieces.


Innate Abilities, Weirdness & Mutations

Your plain brown scales are hard. (AC +5)
You cannot fit into any form of body armour.
You are cold-blooded and may be slowed by cold attacks.


   Skills:
 - Level 3.2 Fighting
 + Level 4.5 Maces & Flails
 - Level 2.6 Dodging
 - Level 3.0 Shields


You had 3 spell levels left.
You didn't know any spells.

Inventory:

Hand Weapons
 Y - a +0 flail (weapon)
Armour
 b - a +0 shield (worn)
 e - a +0 pair of boots (worn)
Scrolls
 a - a scroll of teleportation
 i - a scroll of identify
Potions
 c - a potion of might
 f - a potion of curing
 h - a potion of lignification {unknown}
 l - a potion of heal wounds {unknown}
Comestibles
 d - 2 bread rations
 g - 3 chunks of flesh
 m - a meat ration

Dungeon Overview and Level Annotations

Branches:
Dungeon (3/15)

Altars:
Elyvilon

Annotations:
D:3 Placid's ghost, amateur NaWn


Message History

Placid's ghost is lightly damaged.
Placid's ghost hits you.
You hit Placid's ghost.
You tail-slap Placid's ghost, but do no damage.
Placid's ghost is moderately damaged.
Placid's ghost hits you!
2409 ||| READING 2 scrolls of teleportation.
As you read the scroll of teleportation, it crumbles to dust.
You feel strangely unstable. You block Placid's ghost's attack.
Your shield prevents you from hitting Placid's ghost.
Placid's ghost is moderately damaged.
You block Placid's ghost's attack.
You closely miss Placid's ghost.
Placid's ghost is moderately damaged.
You block Placid's ghost's attack.
You hit Placid's ghost but do no damage.
Placid's ghost is moderately damaged.
Placid's ghost hits you.
You die...

............#.# #.#
#.#.####..#.#.# #.#
#..#.#.###########.##
.#####.#.#..)...........#
.....#.#.#..#############
.....#...#..#
....[.....#..#
#........%...#############
#####.##...@.............#
<.......)W#.##########.##
...#......#.### #.#
###########(>....# #.#
#.)........#.##### #.#
#.#######.##.# #.#
#.#.....#.##.# #.#
#.#.###.#.##.# #.#
#...#<..#.##.# #.#


You could see Placid's ghost.

Vanquished Creatures
  3 adders (D:2)
  A worm (D:2)
  A dart slug (D:1)
  2 leopard geckos (D:2)
  2 bats (D:2)
  2 giant cockroaches
  6 hobgoblins
  6 jackals
  A quokka (D:2)
  4 frilled lizards
  6 goblins
  9 kobolds
  2 rats
45 creatures vanquished.

Vanquished Creatures (others)
  A kobold (D:1)
1 creature vanquished.

Grand Total: 46 creatures vanquished

Notes
Turn   | Place    | Note
-------+----------+-------------------------------------------
     0 | D:1      | FakerFangirl the Draconian Fighter began the quest for the Orb.
     0 | D:1      | Reached XP level 1. HP: 19/19 MP: 1/1
     0 | D:1      | 0 ||| counter = 39
   173 | D:1      | Reached XP level 2. HP: 25/26 MP: 2/2
   219 | D:1      | Reached skill level 3 in Maces & Flails
   458 | D:1      | 458 ||| Stepping ~*~*~tactically~*~*~ (outnumbered).
   487 | D:1      | HP: 6/26 [poisoned by a kobold]
   495 | D:1      | HP: 5/26 [poisoned by a kobold]
  1010 | D:1      | Reached XP level 3. HP: 30/31 MP: 3/3
  1239 | D:1      | 1239 ||| READING 3 scrolls labeled WOIXTEKLIOP.
  1242 | D:1      | 1242 ||| READING 2 scrolls labeled DASKAO VENLUOT.
  1243 | D:1      | 1243 ||| READING scroll labeled UMOLLEV NUVUHU.
  1244 | D:1      | 1244 ||| READING scroll labeled SOMMUA SOAKHLOZ.
  1265 | D:2      | Found a white marble altar of Elyvilon.
  1382 | D:2      | Reached skill level 4 in Maces & Flails
  1739 | D:2      | Reached XP level 4. HP: 38/38 MP: 4/4
  2169 | D:2      | 2169 ||| UPGRADING to pair of boots.
  2174 | D:2      | 2174 ||| READING 2 scrolls labeled DUBBIO RIGRIQ.
  2175 | D:2      | 2175 ||| DRINKING 2 lumpy red potions.
  2176 | D:2      | 2176 ||| READING 2 scrolls of identify.
  2176 | D:2      | 2176 ||| IDENTIFYING steel ring
  2177 | D:2      | 2177 ||| DROPPING +3 ring of intelligence.
  2178 | D:2      | 2178 ||| DROPPING scroll of fog.
  2392 | D:3      | Noticed Placid's ghost (amateur NaWn)
  2408 | D:3      | HP: 3/38 [Placid's ghost (8)]
  2409 | D:3      | 2409 ||| READING 2 scrolls of teleportation.
  2412 | D:3      | Slain by Placid's ghost

Vault maps used:
D:1:      shiori_arrival_oz
D:2:      elyvilon_altar_5
D:3:      nicolae_ru_the_path_less_chosen

Skill      XL: |  1  2  3 |
---------------+----------+-----
Maces & Flails | 3 4 |  4.5
Fighting       | |  3.2
Dodging        | |  2.6
Shields        | |  3.0

Action                   |  1- 3 |  4- 6 || total
-------------------------+-------+-------++-------
Melee: Flail             |   115 |    52 ||   167
       Tailslap          |     9 |     9 ||    18
  Use: Scroll            |     4 |     3 ||     7
       Potion            |       |     1 ||     1
  Eat: Chunk             |     3 |     2 ||     5
Armor: Skin              |    20 |    11 ||    31
Dodge: Dodged            |    55 |    14 ||    69
Block: Shield            |    40 |    15 ||    55
